 Dungeon Crawl Stone Soup version 0.29-a0-289-g2178c42546 (webtiles) character file.

Game seed: 14059077435419221559

39 sanka the Ducker (level 3, -4/35 HPs)
             Began as a Gnoll Monk on Mar 17, 2022.
             Slain by an orc
             ... wielding a +1 trident of holy wrath
              (5 damage)
             ... on level 2 of the Dungeon.
             The game lasted 00:01:16 (1063 turns).

sanka the Ducker (Gnoll Monk)                       Turns: 1063, Time: 00:01:16

Health: -4/35      AC:  2    Str: 12    XL:     3   Next: 47%
Magic:  4/4        EV: 15    Int:  9    God:
Gold:   18         SH:  0    Dex: 14    Spells: 3/3 levels left

rFire   . . .      SeeInvis .   a - +0 hand axe
rCold   . . .      Faith    .   (no shield)
rNeg    . . .      Spirit   .   b - +0 robe
rPois   .          Reflect  .   (no helmet)
rElec   .          Harm     .   (no cloak)
rCorr   .          Rampage  .   (no gloves)
Will    .....                   (no boots)
Stlth   +.........              (no amulet)
HPRegen 0.11/turn               (no ring)
MPRegen 0.09/turn               (no ring)

@: confused
A: fangs 1, strong nose, distributed training
a: no special abilities


You were on level 2 of the Dungeon.
You visited 1 branch of the dungeon, and saw 2 of its levels.

You collected 18 gold pieces.


Innate Abilities, Weirdness & Mutations

You have very sharp teeth.
Your uncanny sense of smell can sniff out nearby items.
Your experience applies equally to all skills.


   Skills:
 + Level 6.5 Fighting
 + Level 0.8 Short Blades
 + Level 0.8 Long Blades
 + Level 6.5 Axes
 + Level 0.8 Maces & Flails
 + Level 0.8 Polearms
 + Level 0.8 Staves
 + Level 0.8 Slings
 + Level 0.8 Bows
 + Level 0.8 Crossbows
 + Level 0.8 Throwing
 + Level 0.8 Armour
 + Level 6.5 Dodging
 + Level 4.1 Stealth
 + Level 0.8 Shields
 + Level 0.8 Unarmed Combat
 + Level 0.8 Spellcasting
 + Level 0.5 Conjurations
 + Level 0.5 Hexes
 + Level 0.5 Summonings
 + Level 0.5 Necromancy
 + Level 0.5 Translocations
 + Level 0.5 Transmutations
 + Level 0.5 Fire Magic
 + Level 0.5 Ice Magic
 + Level 0.5 Air Magic
 + Level 0.5 Earth Magic
 + Level 0.5 Poison Magic
 + Level 1.0 Invocations
 + Level 0.8 Evocations


You had 3 spell levels left.
You didn't know any spells.
Your spell library contained the following spells:

 Spells                   Type           Power      Damage    Failure   Level
 Pain                     Necr           4%         1d4       30%         1
 Agony                    Necr           1%         N/A       100%        5
 Excruciating Wounds      Necr           0%         N/A       100%        5

Inventory:

Hand Weapons
 a - a +0 hand axe (weapon)
Missiles
 l - 2 poisoned darts (quivered)
Armour
 b - a +0 robe (worn)
Scrolls
 d - a scroll of blinking {unknown}
 e - 3 scrolls of noise {unknown}
 i - a scroll of identify {unknown}
 j - 2 scrolls of teleportation {unknown}
Potions
 c - a potion of ambrosia
 f - a potion of haste {unknown}
 g - a potion of heal wounds {unknown}
 h - a potion of mutation {unknown}
 k - a potion of brilliance {unknown}

Dungeon Overview and Level Annotations

Branches:
Dungeon (2/15)

Altars:

▒..▒▒▒▒...... ....▒
∆ ▒▒ .........▒
..▒▒...▒ ..▒
▒▒.▒▒▒▒▒▒▒
......▒▒▒.. ▒▒.▒▒
..▒.........
....▒▒▒▒(.▒
▒..▒....▒
.........▒
▒..▒...▒▒▒..
)....▒▒▒▒▒▒
▒...oo......
)..)......▒▒▒..r)▒
▒▒▒▒▒..........▒g▒
▒.†..........▒
▒........£▒...▒
▒......[..▒▒...▒ ∆
▒............▒...
▒...............▒
..........▒▒▒▒.....
.....▒▒▒▒▒▒▒
▒....▒▒ ...▒▒ ..


You could see an orc wizard, an orc and a quokka.


Message History

The orc completely misses you.
Unknown command.
You closely miss the quokka. Your bite misses the quokka.
You hit the orc wizard but do no damage.
The quokka barely misses you.
The orc wizard hits you but does no damage.
The orc barely misses you.
You bump into the rock wall.
The quokka closely misses you. The orc barely misses you.
The quokka misses you.
Unknown command.
You bump into the rock wall.
The quokka closely misses you.
The orc hits you from afar with a +1 trident of holy wrath.
* * * LOW HITPOINT WARNING * * *
Unknown command.
You bump into the rock wall.
The quokka barely misses you. The orc closely misses you.
The orc hits you from afar with a +1 trident of holy wrath!
* * * LOW HITPOINT WARNING * * *
Unknown command.
You hit the orc.
You kill the orc!
You miss the quokka. The quokka closely misses you.
The orc hits you from afar with a +1 trident of holy wrath.
You die...

Action                   || total
-------------------------++-------
Melee: Hand axe          ||    74
       Bite              ||     7
 Stab: Sleeping          ||     4
Armor: Robe              ||     9
Dodge: Dodged            ||    71

Levels and vault maps discovered:
D:1:      shiori_arrival_whats_in_store_for_you, layout_basic,
          minmay_misc_feat_enclosed, kennysheep_boxes
D:2:      layout_rooms, basic_altar, uniq_jessica

Notes
Turn   | Place    | Note
-------+----------+-------------------------------------------
     0 | D:1      | sanka the Gnoll Monk began the quest for the Orb.
     0 | D:1      | Reached XP level 1. HP: 23/23 MP: 1/1
     5 | D:1      | Noticed a minotaur skeleton
    13 | D:1      | Noticed a minotaur skeleton
   113 | D:1      | Reached XP level 2. HP: 23/29 MP: 2/2
   803 | D:2      | Reached XP level 3. HP: 35/35 MP: 3/3
   892 | D:2      | Reached skill level 1 in Invocations
  1062 | D:2      | HP: 1/35 [orc/+1 trident of holy wrath (8)]
  1063 | D:2      | Slain by an orc

Vanquished Creatures
  An adder (D:2)
  A dart slug (D:1)
  2 orcs (D:2)
  A bat (D:2)
  An endoplasm (D:1)
  A giant cockroach (D:2)
  2 goblins (D:1)
  3 jackals (D:1)
  2 kobolds (D:2)
  A quokka (D:1)
  7 ball pythons (D:1)
  3 rats
25 creatures vanquished.
